General information
- name: grudge22
- type: Ladder 1vs1/FFA
- host: BEAR_AND
- saver: BEAR_AND
map: FrostedMeadows
- players: 5
- length: 10:41
- speed: Fast
- version: 1.21 W3XP
- replay type:

» download(49 KB)
Players
team 1 (loser)
WWGT]AmoRA (
light-blue | 110 APM | 1174 actions | 10:40)
2 Demon Hunter
1 Mana Burn
1 Evasion
2 Pandaren Brewmaster
1 Breath of Fire
1 Drunken Haze
» actions
| Assign group hotkey | 14 | |
| Basic commands | 5 | |
| Build / train | 37 | |
| Enter build submenu | 12 | |
| Enter hero's abilities submenu | 4 | |
| Right click | 665 | |
| Select / deselect | 194 | |
| Select group hotkey | 207 | |
| Use ability | 36 | |
1174 total
» units
| Wisp | 11 | |
| Archer | 5 | |
| Druid of the Claw | 5 | |
| Dryad | 1 | |
22 total
» upgrades
| Druid of the Claw Training | 2 | |
2 total
» buildings
| Altar of Elders | 1 | |
| Moon Well | 4 | |
| Ancient of War | 1 | |
| Tree of Ages | 1 | |
| Hunter's Hall | 1 | |
| Ancient of Lore | 2 | |
| Tree of Eternity | 1 | |
| Ancient of Wonders | 1 | |
12 total
» build order
00:09 Altar of Elders
00:19 Moon Well
00:47 Ancient of War
01:30 Moon Well
02:47 Tree of Ages
03:48 Moon Well
04:13 Hunter's Hall
05:03 Moon Well
05:41 Ancient of Lore
05:54 Ancient of Lore
06:53 Tree of Eternity
08:40 Ancient of Wonders
» items
| Boots of Speed | 1 | |
| Potion of Lesser Invulnerability | 1 | |
2 total
team 2 (winner)

»
WWGT]Maxx (
dark-green | 237 APM | 2533 actions | 10:41)
3 Archmage
2 Summon Water Elemental
1 Brilliance Aura
3 Mountain King
2 Storm Bolt
1 Bash
» actions
| Assign group hotkey | 37 | |
| Basic commands | 197 | |
| Build / train | 53 | |
| Enter build submenu | 15 | |
| Enter hero's abilities submenu | 6 | |
| Right click | 973 | |
| Select / deselect | 207 | |
| Select group hotkey | 994 | |
| Use ability | 51 | |
2533 total
» units
| Peasant | 16 | |
| Footman | 8 | |
| Sorceress | 2 | |
| Priest | 3 | |
| Spell Breaker | 1 | |
30 total
» upgrades
» buildings
| Altar of Kings | 1 | |
| Farm | 6 | |
| Barracks | 1 | |
| Arcane Vault | 1 | |
| Keep | 2 | |
| Lumber Mill | 1 | |
| Arcane Sanctum | 2 | |
| Scout Tower | 3 | |
| Guard Tower | 3 | |
20 total
» build order
00:05 Altar of Kings
00:18 Farm
00:21 Barracks
00:48 Farm
01:33 Farm
03:21 Arcane Vault
03:46 Keep
03:46 Keep
03:49 Lumber Mill
04:50 Farm
05:07 Farm
06:17 Arcane Sanctum
07:38 Arcane Sanctum
08:04 Farm
09:37 Scout Tower
09:38 Scout Tower
09:59 Guard Tower
10:05 Guard Tower
10:19 Scout Tower
10:31 Guard Tower
» items
| Scroll of Regeneration | 3 | |
| Lesser Clarity Potion | 2 | |
| Ivory Tower | 3 | |
| Potion of Healing | 1 | |
9 total
observersBEAR_AND,
KeKeZergRush,
geggles Chat log
(00:29 / Observers) KeKeZergRush: so with this tournament done
(00:35 / Observers) KeKeZergRush: does that mean more towa games
(00:42 / All) WWGT]Maxx: gl
(00:55 / All) WWGT]AmoRA: u2
(01:21 / Observers) KeKeZergRush: dh vs am
(01:26 / Observers) KeKeZergRush: doesnt look good for hum
(01:27 / Observers) KeKeZergRush: early
(01:32 / Observers) BEAR_AND: what are you talking about.
(01:36 / Observers) KeKeZergRush: shrug
(01:39 / Observers) KeKeZergRush: who knows
(01:43 / Observers) KeKeZergRush: its a mystery
(01:58 / Observers) geggles: it's typical pro matchup anyways
(02:34 / Observers) BEAR_AND: waits until after purges
(02:35 / Observers) BEAR_AND: pretty pro
(07:17 / Observers) BEAR_AND: deny foot???
(08:37 / Observers) BEAR_AND: bolt???
(08:44 / Observers) BEAR_AND: wow
(10:37 / All) WWGT]AmoRA: ugh thats what i get for not looking
(10:38 / All) WWGT]AmoRA: gg
(10:40 / All) WWGT]Maxx: gg